Map: Orbital Shipyard

Players

MorN - Winner!

  • Race: Terran Terran
  • League: Master

Rize

  • Race: Protoss Protoss

VOD

Have the link to the VOD?

Description

Time

  • Played on: Dec. 4, 2015, 2:56 a.m.
  • Length: 18:05
Show
View Real Time Build Order
Export as new Build Order

MorN Terran - Winner!

Build Orders: Cyclone Opening, MMM Bio 

Get SALT Encoding   

  12  0:01  SCV  
  13  0:13  SCV  
  14  0:18  Supply Depot  
  14  0:25  SCV  
  15  0:39  SCV  
  15  0:41  Barracks  
  16  0:45  Refinery  
  16  0:51  SCV  
  17  1:03  SCV  
  18  1:15  SCV  
  19  1:28  Orbital Command, Marine  
  20  1:41  Command Center  
  20  1:52  Factory  
  20  2:05  SCV  
  20  2:06  Supply Depot  
  21  2:08  Marine  
  22  2:17  SCV  
  23  2:27  Marine  
  23  2:29  SCV  
  25  2:37  Factory Tech Lab  
  25  2:38  Barracks  
  25  2:45  SCV  
  25  2:48  Marine  
  27  2:53  Orbital Command  
  27  2:56  Cyclone  
  30  2:59  SCV  
  31  3:10  Marine  
  33  3:12  SCV  
  33  3:14  Refinery  
  33  3:20  SCV  
  33  3:25  SCV  
  35  3:35  Stimpack  
  35  3:38  SCV x2  
  37  3:43  Command Center  
  37  3:47  Factory Reactor, Marine  
  38  3:49  Marine  
  38  3:50  SCV x2  
  38  3:54  Supply Depot  
  41  3:59  Barracks  
  41  4:03  SCV x2  
  43  4:15  SCV x2  
  45  4:17  Barracks Tech Lab, Refinery  
  45  4:19  Supply Depot  
  45  4:27  SCV x2  
  47  4:34  Starport  
  47  4:36  Engineering Bay  
  47  4:39  SCV x2, Factory Reactor  
  47  4:44  Combat Shields  
  49  4:49  Marine x2  
  49  4:51  SCV x2  
  53  4:55  Marine  
  53  4:56  Marine  
  53  4:57  Orbital Command  
  55  5:03  SCV  
  56  5:08  SCV  
  56  5:11  Supply Depot  
  57  5:20  Marauder x2, Marine x2  
  60  5:27  Medivac x2  
  60  5:28  Factory Reactor  
  64  5:30  Terran Infantry Weapons Level 1  
  64  5:35  Supply Depot  
  64  5:37  SCV x2  
  64  5:39  Refinery  
  64  5:40  Supply Depot  
  66  5:44  Marauder, Marine x2  
  66  5:46  Marauder  
  66  5:47  Concussive Shells  
  63  6:04  Marine  
  63  6:05  Marauder, Marine  
  63  6:07  Marauder  
  63  6:08  SCV x2  
  71  6:19  SCV  
  71  6:21  Medivac x2  
  71  6:23  Barracks  
  71  6:25  Barracks  
  76  6:27  Marauder  
  76  6:28  Marauder  
  77  6:32  Marine  
  77  6:33  Marine  
  71  6:42  SCV x2, Widow Mine x2  
  76  6:48  Marauder  
  76  6:49  Marine  
  76  6:50  SCV, Marine x2  
  76  6:52  Supply Depot  
  82  6:54  Engineering Bay  
  82  6:56  Orbital Command  
  82  7:00  Supply Depot  
  82  7:04  Supply Depot  
  82  7:08  Marine x2, Marauder  
  84  7:09  Marauder  
  84  7:12  Widow Mine x2  
  84  7:13  Barracks Reactor, Barracks Tech Lab  
  92  7:16  Armory  
  92  7:22  Medivac  
  94  7:23  SCV x2  
  94  7:24  SCV  
  94  7:26  Marine  
  94  7:29  Marauder  
  100  7:35  SCV  
  101  7:42  Marine x2  
  101  7:43  Marauder, Widow Mine x2  
  109  7:45  SCV x2  
  109  7:47  SCV  
  109  7:49  Terran Infantry Armor Level 1  
  109  7:50  Marauder  
  114  7:51  Supply Depot  
  114  7:55  Medivac  
  114  7:58  SCV x2, Refinery  
  118  7:59  SCV  
  118  8:00  Refinery  
  118  8:01  Marauder  
  118  8:04  Marauder  
  123  8:06  Terran Infantry Weapons Level 2  
  123  8:07  Supply Depot  
  123  8:10  SCV x2  
  125  8:13  SCV  
  118  8:22  SCV  
  118  8:26  Marine x4  
  118  8:27  Marauder x3  
  116  8:28  SCV x2  
  116  8:29  Medivac  
  121  8:40  Starport  
  121  8:48  Marauder x2, Factory Reactor, Marine x2  
  127  8:49  Marauder  
  127  8:51  SCV x2  
  131  8:56  Supply Depot x2  
  131  8:58  Barracks  
  131  8:59  Barracks  
  131  9:00  Viking, Barracks  
  131  9:01  Viking  
  135  9:07  SCV x2  
  137  9:10  Supply Depot  
  137  9:12  Liberator x2  
  137  9:17  Marine x3  
  137  9:18  Marauder x2  
  137  9:21  Supply Depot  
  150  9:47  Marine x2  
  150  9:48  Viking, Marauder x3  
  150  9:49  Medivac  
  162  9:55  Liberator  
  162  9:57  Barracks Reactor, Barracks Tech Lab x2  
  158  10:00  Command Center  
  158  10:03  Marine x2  
  158  10:05  Marine x2  
  148  10:09  Marauder x2  
  148  10:12  Medivac  
  135  10:15  Liberator x2  
  135  10:18  Marine  
  132  10:21  Marine x2  
  132  10:23  Marine x2  
  136  10:31  Marauder x2  
  139  10:37  Marauder  
  139  10:39  Marine x2  
  145  10:52  Terran Infantry Weapons Level 3, Marauder  
  145  10:53  Terran Infantry Armor Level 2  
  144  11:19  Liberator  
  144  11:20  Liberator  
  144  11:21  Marauder x3  
  144  11:23  Marine x3, Marauder x2  
  157  11:36  Marine  
  157  11:38  Viking  
  157  11:39  Viking  
  167  11:42  Marauder x3  
  167  11:44  Marauder x2, Terran Vehicle Weapons Level 1  
  167  11:46  Marine  
  167  11:47  Marine  
  179  11:58  Refinery  
  179  12:01  Refinery, Marine x2  
  168  12:02  Liberator  
  168  12:03  Marauder x2  
  168  12:05  Command Center  
  154  12:09  Marine x2  
  154  12:10  Marauder, Marine  
  154  12:11  Liberator  
  154  12:12  Viking x2  
  152  12:18  Marauder, Marine x2  
  152  12:21  Supply Depot  
  157  12:25  Marauder  
  157  12:27  Marine x2  
  157  12:28  Marauder  
  166  12:32  Marauder  
  166  12:46  Ghost Academy  
  166  12:51  Marine x5  
  151  12:52  Marine x2, Marauder x4  
  163  13:00  Liberator x2  
  163  13:08  Marine x2  
  163  13:09  Marine x2  
  163  13:11  Marauder  
  168  13:13  Marauder x3  
  168  13:14  Marauder  
  168  13:16  Marine x2  
  184  13:27  Planetary Fortress  
  184  13:32  Marauder  
  186  13:38  Marine x2  
  186  13:39  Marauder  
  173  13:54  Marine x2  
  173  13:55  Marauder  
  173  13:57  Terran Infantry Armor Level 3  
  173  13:58  Liberator, Marine x3  
  173  13:59  Marauder  
  173  14:00  Marauder x2, Marine  
  183  14:07  Ghost  
  185  14:13  Marine  
  185  14:14  Marine  
  185  14:15  Ghost  
  185  14:16  Marine  
  193  14:19  Ghost  
  193  14:21  Ghost x2  
  199  14:30  Marine  
  200  15:06  Marine x2  
  200  15:07  Marauder  
  200  15:13  Liberator x2  
  159  15:29  Marine x3  
  159  15:30  Marauder x5  
  159  15:35  Planetary Fortress  
  171  15:37  Marine x2  
  171  15:44  Marine  
  171  15:47  Marine x3  
  165  15:51  Marauder x3, Marine x2  
  161  16:08  Marine  
  161  16:09  Marauder x2  
  150  16:17  Marine x4  
  150  16:18  Marauder x3, Widow Mine x2, Marine  
  143  16:19  Medivac x2  
  143  16:24  Liberator x2  
  148  16:26  Marine  
  148  16:30  Marauder, Marine  
  145  16:35  Marine x2  
  145  16:39  Marauder x3  
  152  16:41  Marine x2  
  160  16:48  Marauder  
  160  16:49  Medivac x2  
  160  16:50  Marine x2  
  160  16:52  Marauder  
  170  16:59  Marine x3  
  170  17:00  Marauder  
  170  17:01  Marauder x2  
  179  17:07  Marine  
  179  17:08  Marine  
  180  17:10  Marauder  
  180  17:11  Marine  
  180  17:13  Marauder  
  185  17:17  Marine  
  185  17:19  Medivac x2  
  185  17:21  Ghost x2, Marine x2  
  185  17:22  Marauder  
  198  17:24  Medivac  
  199  17:36  Orbital Command  
Show
View Real Time Build Order
Export as new Build Order

Rize Protoss 

Build Orders: 1 Gate Expand 

Get SALT Encoding   

  12  0:00  Probe (Chrono Boost)  
  13  0:11  Probe (Chrono Boost)  
  14  0:17  Pylon  
  14  0:22  Probe (Chrono Boost)  
  15  0:38  Probe (Chrono Boost)  
  15  0:42  Gateway  
  16  0:44  Assimilator  
  16  0:49  Probe (Chrono Boost)  
  17  0:59  Probe (Chrono Boost)  
  18  1:10  Probe (Chrono Boost)  
  19  1:21  Nexus  
  19  1:32  Cybernetics Core  
  19  1:35  Probe (Chrono Boost)  
  20  1:45  Probe (Chrono Boost)  
  21  1:48  Pylon  
  21  1:55  Assimilator  
  21  1:56  Probe (Chrono Boost)  
  22  2:06  Probe (Chrono Boost)  
  23  2:09  Adept (Chrono Boost), Warp Gate  
  25  2:21  Mothership Core  
  27  2:26  Pylon  
  27  2:31  Probe  
  27  2:33  Adept (Chrono Boost)  
  30  2:42  Probe x2  
  32  2:52  Probe  
  32  2:54  Probe  
  32  2:57  Adept (Chrono Boost)  
  36  3:05  Robotics Facility  
  36  3:09  Probe  
  36  3:10  Probe  
  38  3:19  Probe  
  38  3:20  Adept (Chrono Boost)  
  38  3:22  Probe  
  42  3:27  Pylon  
  42  3:30  Probe  
  43  3:34  Probe  
  43  3:40  Probe  
  43  3:41  Pylon  
  44  3:44  Adept (Chrono Boost)  
  44  3:46  Probe  
  48  3:52  Probe, Warp Prism (Chrono Boost)  
  51  3:59  Probe  
  52  4:16  Gateway  
  52  4:17  Gateway  
  52  4:19  Gateway  
  52  4:21  Gateway  
  52  4:22  Pylon  
  52  4:24  Gateway  
  52  4:30  Adept  
  54  4:34  Observer (Chrono Boost)  
  55  4:48  Pylon  
  55  4:53  Observer (Chrono Boost)  
  55  4:57  Adept  
  58  5:24  Nexus  
  58  5:25  Adept x4  
  58  5:26  Adept x2  
  72  5:28  Probe x2 (Chrono Boost)  
  72  5:35  Robotics Bay, Assimilator x2  
  72  5:39  Probe (Chrono Boost)  
  67  6:00  Adept x6  
  67  6:03  Probe x2 (Chrono Boost)  
  79  6:13  Probe (Chrono Boost)  
  79  6:14  Colossus (Chrono Boost)  
  68  6:21  Extended Thermal Lance (Chrono Boost)  
  74  6:28  Probe  
  74  6:29  Probe  
  74  6:31  Adept x3  
  74  6:32  Adept x3  
  81  6:39  Probe  
  77  6:41  Probe x2  
  77  6:46  Pylon  
  80  6:50  Probe  
  80  6:53  Probe x2  
  83  6:58  Forge  
  83  7:01  Probe (Chrono Boost), Pylon  
  83  7:02  Sentry x2  
  83  7:03  Adept  
  83  7:04  Adept  
  83  7:05  Probe (Chrono Boost)  
  93  7:09  Probe (Chrono Boost), Observer  
  93  7:12  Probe (Chrono Boost)  
  96  7:18  Probe (Chrono Boost), Pylon  
  96  7:20  Probe (Chrono Boost)  
  96  7:21  Pylon  
  96  7:22  Sentry x2  
  102  7:24  Probe (Chrono Boost)  
  102  7:28  Probe (Chrono Boost)  
  104  7:30  Probe (Chrono Boost), Photon Cannon  
  104  7:36  Photon Cannon  
  105  7:37  Protoss Ground Weapons Level 1 (Chrono Boost)  
  105  7:39  Observer  
  106  7:44  Photon Cannon  
  106  7:47  Photon Cannon  
  106  7:49  Photon Cannon  
  106  7:52  Photon Cannon  
  106  7:57  Colossus (Chrono Boost), Assimilator  
  106  7:58  Pylon  
  112  8:06  Stalker x2  
  112  8:09  Stalker  
  118  8:18  Adept  
  116  8:21  Adept x2  
  120  8:29  Adept  
  120  8:30  Adept  
  120  8:32  Probe  
  120  8:33  Probe x2, Assimilator  
  127  8:45  Twilight Council  
  127  8:48  Gateway  
  133  8:49  Pylon  
  133  8:50  Gateway  
  133  8:51  Gateway  
  133  9:00  Pylon  
  133  9:01  Pylon x2  
  133  9:09  Stalker x4  
  141  9:12  Warp Prism  
  141  9:19  Stalker x2  
  141  9:29  Protoss Ground Weapons Level 2 (Chrono Boost)  
  141  9:40  Nexus  
  140  9:50  Adept  
  140  9:51  Adept  
  120  10:10  Adept x3  
  120  10:11  Colossus, Adept x3  
  116  10:16  Blink (Chrono Boost)  
  120  10:33  Adept x3  
  120  10:40  Stalker x6  
  132  10:45  Templar Archives  
  132  10:52  Pylon  
  132  10:54  Pylon  
  132  10:56  Assimilator  
  132  10:57  Sentry  
  132  10:58  Sentry x2, Colossus  
  132  11:00  Assimilator  
  132  11:02  Pylon  
  139  11:04  Probe x2  
  139  11:06  Pylon  
  139  11:07  Pylon  
  139  11:09  Pylon  
  146  11:11  Stalker x3  
  152  11:20  Stalker x2  
  152  11:21  Stalker  
  152  11:23  Stalker  
  152  11:24  Sentry  
  152  11:25  Sentry  
  164  11:29  Probe  
  164  11:30  Probe x3  
  167  11:38  Photon Cannon  
  167  11:40  Photon Cannon  
  167  11:42  Probe  
  167  11:44  Photon Cannon  
  168  11:49  Observer  
  168  11:50  Adept x3  
  141  12:08  Stalker  
  141  12:09  Stalker x5  
  135  12:16  Stalker x2  
  135  12:23  Colossus, Psionic Storm  
  135  12:33  Protoss Ground Armor Level 1 (Chrono Boost)  
  135  12:35  High Templar  
  135  12:36  High Templar  
  145  12:37  High Templar  
  145  12:42  Archon  
  139  12:47  Resonating Glaives  
  139  12:50  Adept x5  
  138  12:58  Adept  
  140  13:08  High Templar  
  140  13:09  High Templar  
  140  13:12  Adept  
  146  13:13  Colossus, Adept x5  
  160  13:36  Stalker x5  
  160  13:39  Sentry x2  
  154  13:55  Stalker x2  
  152  14:00  Stalker x5  
  160  14:08  Stalker, Observer  
  160  14:09  Stalker  
  165  14:25  Stalker x3  
  165  14:26  Stalker x3, Warp Prism  
  179  14:43  Adept x3  
  185  14:51  Protoss Ground Armor Level 2 (Chrono Boost)  
  185  14:56  Adept x2  
  185  14:57  Adept x2  
  190  15:03  Stalker x3  
  152  15:32  Stalker x6  
  152  15:35  Assimilator  
  164  15:37  Adept x2  
  164  15:38  Adept  
  164  15:57  Adept  
  164  15:58  Adept x4  
  117  16:20  Stalker x5  
  119  16:34  High Templar x3  
  119  16:37  Stalker  
  125  16:47  Adept x4  
  133  16:59  Adept  
  133  17:00  Adept  
  137  17:15  Robotics Facility  
Tags
 
Add a new tag
Caveats
  • Supply blocks, unpowered buildings, or Contaminate may cause inaccurate times.
  • Supply counts are checked every 10 seconds.